AoeStats
← AMC to the sun

Arabia

507612434Analyzed
4v4 RM · 14d ago on Sep 19, 2026· 70m 32s· 8 players
Game mode
Random Map
Map size
Large (8 player)
Population
200
Speed
Normal
Resources
Standard
Victory
Conquest
Starting age
Dark Age
Ending age
Imperial Age
RankedLock teamsTeams togetherTeam positionsShared explorationLock speedFull tech treeHidden civsTurbo modeCheats
Victory
Defeat
🇵🇪 Cumans · Peru
1202
+11
🇨🇴 Muisca · Colombia
1165
+12
🇨🇴 Wei · Colombia
1161
+12
🇨🇴 Berbers · Colombia
993
+19
🇺🇸 Maya · United States
1217
-19
🇨🇴 Cumans · Colombia
1092
-14
🇺🇾 Mongols · Uruguay
1072
-13
🇺🇸 Spanish · United States
934
-8
AMC to the moon
0:26 Loom
9:08 Feudal Age
10:37 Double-Bit Axe
18:14 Fletching
20:01 Wheelbarrow
25:08 Castle Age
24:06 Padded Archer Armor
24:38 Horse Collar
25:47 Bodkin Arrow
25:56 Crossbowman
27:47 Ballistics
29:38 Pikeman
32:22 Town Watch
34:27 Thumb Ring
42:10 Imperial Age
41:59 Squires
42:20 Arbalester
43:02 Bracer
44:16 Chemistry
43:53 Conscription
45:00 Leather Archer Armor
51:25 Bow Saw
51:36 Murder Holes
AMC to the sun
4:29 Loom
14:03 Feudal Age
17:20 Wheelbarrow
17:19 Double-Bit Axe
27:36 Castle Age
26:18 Horse Collar
26:59 Padded Archer Armor
29:34 Leather Archer Armor
32:07 Hand Cart
33:15 Bow Saw
33:17 Heavy Plow
34:53 Ballistics
41:21 Caravan
64:13 Imperial Age
64:21 Elite Conquistador
67:57 Ring Archer Armor
DesveMX
2:28 Loom
11:22 Feudal Age
12:50 Double-Bit Axe
16:31 Town Watch
20:25 Horse Collar
22:49 Scale Mail Armor
28:30 Castle Age
35:57 Heavy Plow
36:15 Bow Saw
38:29 Wheelbarrow
39:26 Man-at-Arms
40:33 Forging
40:22 Long Swordsman
42:21 Squires
42:41 Chain Mail Armor
43:10 Gold Mining
44:22 Iron Casting
47:42 Imperial Age
47:47 Two-Handed Swordsman
48:58 Plate Mail Armor
49:29 Blast Furnace
48:17 Arson
48:56 Conscription
48:42 Champion
49:18 Capped Ram
50:59 Siege Ram
52:42 Scale Barding Armor
52:28 Fletching
52:40 Padded Archer Armor
53:31 Bodkin Arrow
53:58 Ballistics
54:39 Chemistry
54:13 Bracer
54:30 Leather Archer Armor
54:22 Thumb Ring
54:43 Parthian Tactics
57:05 Bloodlines
56:15 Light Cavalry
56:55 Pikeman
57:47 Husbandry
57:08 Light Cavalry
59:01 Elite Skirmisher
61:34 Hand Cart
61:52 Chain Barding Armor
64:00 Husbandry
63:21 Light Cavalry
64:09 Hussar
65:43 Town Patrol
juliancruz_
10:06 Feudal Age
11:31 Wheelbarrow
14:03 Horse Collar
14:38 Loom
14:43 Double-Bit Axe
23:42 Castle Age
22:23 Scale Barding Armor
22:29 Forging
22:59 Bloodlines
23:36 Gold Mining
23:38 Town Watch
26:21 Iron Casting
27:51 Chain Barding Armor
27:54 Bow Saw
27:46 Heavy Plow
29:05 Hand Cart
32:29 Fletching
32:44 Town Patrol
33:38 Gold Shaft Mining
32:54 Stone Mining
35:40 Imperial Age
35:30 Bodkin Arrow
35:50 Cavalier
38:53 Murder Holes
45:46 Two-Man Saw
57:24 Crop Rotation
57:53 Light Cavalry
60:18 Plate Barding Armor
63:43 Blast Furnace
Legionnaire
9:24 Loom
11:09 Feudal Age
20:33 Fletching
22:45 Padded Archer Armor
27:40 Castle Age
26:39 Double-Bit Axe
26:37 Horse Collar
26:50 Gold Mining
27:28 Scale Barding Armor
31:21 Thumb Ring
31:16 Bodkin Arrow
32:40 Leather Archer Armor
35:24 Heavy Plow
35:36 Bow Saw
35:19 Stone Mining
38:49 Wheelbarrow
37:59 Town Watch
44:02 Imperial Age
42:19 Ballistics
42:35 Chain Barding Armor
42:25 Forging
45:44 Ring Archer Armor
45:16 Bracer
48:40 Elite Genitour
51:33 Gold Shaft Mining
51:33 Stone Shaft Mining
58:21 Plate Barding Armor
58:21 Iron Casting
58:12 Hand Cart
57:59 Town Patrol
59:30 Chemistry
58:49 Masonry
60:56 Caravan
61:59 Conscription
62:30 Treadmill Crane
63:14 Bloodlines
63:06 Husbandry
62:27 Light Cavalry
65:05 Kasbah
64:31 Hussar
64:34 Heavy Camel Rider
64:38 Elite Camel Archer
67:14 Blast Furnace
Miguel de Unamano
6:32 Loom
9:30 Feudal Age
10:30 Double-Bit Axe
11:53 Champi Runner
15:22 Scale Mail Armor
21:39 Forging
26:22 Castle Age
27:10 Squires
27:27 Chain Mail Armor
27:47 Iron Casting
32:44 Champi Warrior
36:30 Wheelbarrow
36:07 Bow Saw
35:38 Horse Collar
37:26 Town Watch
43:25 Imperial Age
41:14 Hand Cart
43:28 Elite Champi Warrior
44:39 Plate Mail Armor
44:53 Conscription
44:34 Herbalism
46:23 Two-Man Saw
45:15 Gold Mining
50:09 Gold Shaft Mining
49:38 Heavy Plow
55:00 Crop Rotation
54:21 Fletching
54:32 Padded Archer Armor
56:05 Bodkin Arrow
58:24 Bracer
58:43 Leather Archer Armor
59:27 Elite Skirmisher
59:28 Elite Genitour
60:25 Thumb Ring
60:42 Ballistics
61:25 Chemistry
62:17 Elite Temple Guard
63:51 Treadmill Crane
Canablitz7546
7:04 Loom
9:20 Feudal Age
10:47 Double-Bit Axe
11:51 Horse Collar
15:38 Scale Barding Armor
23:37 Castle Age
22:04 Bloodlines
21:49 Gold Mining
22:32 Forging
24:06 Wheelbarrow
24:34 Bow Saw
24:25 Heavy Plow
24:45 Husbandry
25:39 Chain Barding Armor
26:20 Iron Casting
25:45 Town Watch
36:04 Hand Cart
43:53 Imperial Age
42:31 Fletching
42:04 Light Cavalry
43:29 Gold Shaft Mining
43:51 Thumb Ring
43:44 Bodkin Arrow
43:50 Padded Archer Armor
44:48 Bracer
45:02 Elite Genitour
47:35 Leather Archer Armor
48:25 Ballistics
49:06 Chemistry
49:05 Ring Archer Armor
49:12 Crop Rotation
49:10 Town Patrol
48:58 Elite Skirmisher
52:09 Blast Furnace
50:30 Hussar
58:36 Capped Ram
60:27 Parthian Tactics
63:03 Heavy Hei Guang Cavalry
64:10 Conscription
64:16 Ming Guang Armor
64:59 Squires
70:11 Murder Holes
EminenceShadow
8:45 Loom
11:12 Feudal Age
12:04 Double-Bit Axe
21:22 Wheelbarrow
20:35 Town Watch
26:35 Castle Age
26:33 Forging
26:24 Scale Mail Armor
27:52 Iron Casting
26:40 Pikeman
27:20 Squires
27:29 Squires
27:14 Arson
28:45 Capped Ram
29:58 Horse Collar
30:36 Bow Saw
37:23 Heavy Plow
38:07 Hand Cart
37:54 Town Patrol
40:26 Stone Mining
40:27 Gold Mining
43:23 Imperial Age
42:12 Gold Shaft Mining
42:01 Man-at-Arms
42:49 Long Swordsman
43:56 Chain Mail Armor
43:41 Siege Ram
44:12 Two-Handed Swordsman
45:56 Plate Mail Armor
46:49 Masonry
46:31 Champion
48:55 Blast Furnace
52:19 Conscription
57:16 Halberdier
Connection lost

Rejoining the realm…

Still unreachable

The connection could not be restored.

Session expired

The server has moved on; the page needs a fresh start.